Cogmind - Beta 15 @@@ ROGUE MODE // 2025.05.07 @ 21:00:04 Player: Darcyisverycute Result: Smashed by cave-in Performance ------------- Evolutions (0) 0 Regions Visited (3) 600 Robots Destroyed (37) 185 Value Destroyed (900) 900 Prototype IDs (13) 260 Alien Tech Used (0) 0 Bonus (60) 60 TOTAL SCORE: 2005 Bonus ------- Follower Combat Kills 60 Cogmind --------- Core Integrity 0/250 Matter 171/300 Energy 250/250 System Corruption 3% Temperature Warm (195) Movement Treading (320) Ox2 Location -10/Subcaves Parts ------- > --- POWER (1) -------- Ion Engine > --- PROPULSION (2) --- Light Treads Light Treads > --- UTILITY (2) ------ Huge Storage Unit Light Armor Plating > --- WEAPON (2) ------- Barrage Gun Mini Grenade Launcher (fused) > --- INVENTORY (25) --- Subdweller Monowheel Small Storage Unit High-capacity Matter Pod (200) Structural Scanner Makeshift Light Armor Plating Scrap Shield Scrap Shield Cobbler Unit Rainbow Chip Medium Laser Subdweller Laser Beam Cannon Beam Cannon Assault Rifle Light Assault Rifle Light Assault Rifle Grenade Launcher Mini Grenade Launcher Mini Grenade Launcher Subdweller Shrapnel Launcher Plasma Cutter Peak State ------------ > --- POWER ------------ Light Ion Engine > --- PROPULSION ------- Light Treads Light Treads > --- UTILITY ---------- Huge Storage Unit Structural Scanner > --- WEAPON ----------- Barrage Gun Mini Grenade Launcher > --- INVENTORY -------- Ion Engine Light Treads Light Treads Subdweller Monowheel Small Storage Unit High-capacity Matter Pod Light Armor Plating Makeshift Light Armor Plating Scrap Shield Cobbler Unit Rainbow Chip Medium Laser Subdweller Laser Beam Cannon Beam Cannon Assault Rifle Light Assault Rifle Light Assault Rifle Grenade Launcher Mini Grenade Launcher Mini Grenade Launcher Subdweller Shrapnel Launcher Plasma Cutter [Rating: 15] Favorites ----------- Power Light Ion Engine Engine Light Ion Engine Propulsion Light Treads Treads Light Treads Leg Aluminum Leg Wheel Wheel Utility Structural Scanner Device Structural Scanner Storage Huge Storage Unit Processor Visual Processing Unit Protection Light Armor Plating Weapon Mini Grenade Launcher Energy Cannon Beam Cannon Ballistic Gun Barrage Gun Launcher Mini Grenade Launcher Build | -11 -10 -10 -10 ------- Run | Yrd Mat Min Sub Slots Evolved . | . . . . Power . | . . . . Propulsion . | . . . . Utility . | . . . . Weapon . | . . . . Parts Attached 22 | 6 10 1 5 Power 3 | 1 1 . 1 Engine 3 | 1 1 . 1 Core . | . . . . Reactor . | . . . . Propulsion 8 | 2 4 . 2 Treads 5 | . 3 . 2 Leg 2 | 2 . . . Wheel 1 | . 1 . . Hover . | . . . . Flight . | . . . . Utility 5 | 1 2 1 1 Device 1 | . 1 . . Storage 2 | 1 . 1 . Processor 1 | . 1 . . Hackware . | . . . . Protection 1 | . . . 1 Artifact . | . . . . Weapon 6 | 2 3 . 1 Energy Gun . | . . . . Energy Cannon 1 | . 1 . . Ballistic Gun 4 | 2 1 . 1 Ballistic Cannon . | . . . . Launcher 1 | . 1 . . Special Weapon . | . . . . Impact Weapon . | . . . . Slashing Weapon . | . . . . Piercing Weapon . | . . . . Special Melee Weapon . | . . . . Unidentified Prototypes . | . . . . Parts Lost 6 | . 3 . 3 Power 2 | . 1 . 1 Propulsion 3 | . 1 . 2 Utility . | . . . . Weapon 1 | . 1 . . Highest Loss Streak 3 | . 2 . 3 To Critical Strikes . | . . . . Average Backups 15 | 2 7 11 21 Power . | . . . . Propulsion 2 | 1 1 2 2 Utility 3 | . . 2 6 Weapon 7 | . 3 6 10 Tool/Special . | . . . . Unused Backups 20 | . 4 . 16 Power . | . . . . Propulsion 2 | . 1 . 1 Utility 7 | . 2 . 5 Weapon 10 | . 1 . 9 Tool/Special 1 | . . . 1 Average Slot Usage (%) 95 | . 84 100 99 Engine 12 | . 8 14 13 Treads 23 | . 13 28 28 Leg 2 | . 8 . . Device 11 | . 6 14 13 Storage 14 | . 14 14 14 Energy Cannon 4 | . 5 14 1 Ballistic Gun 13 | . 22 . 12 Launcher 9 | . . 14 14 Peak Build Rating 15 | 6 9 9 15 Average Rating 10 | 4 6 9 13 On Entrance 6 | . 6 9 9 Naked Turns . | . . . . Heaviest Build 92 | 13 13 88 92 Greatest Support 40 | 20 40 40 40 Greatest Overweight (x) 2 | . 1 2 2 Average Overweight (x) . | . . . 2 Largest Inventory Capacity 25 | 8 8 25 25 Average Capacity 18 | 7 8 18 25 Most Carried 25 | 5 8 15 25 Average Carried 16 | 2 7 11 23 Final Capacity 25 | 8 8 25 25 Final Carried 24 | 5 8 15 24 Class Distribution -------------------- 99% | Mutant Dominant Class ---------------- Mutant | -10/Materials Mutant | -10/Mines Mutant | -10/Subcaves Resources | -11 -10 -10 -10 ----------- Run | Yrd Mat Min Sub Matter Collected 1218 | 264 561 87 306 Remotely . | . . . . Salvage Created 1046 | 73 615 122 236 Parts 77 | 4 38 18 17 Haulers Intercepted 1 | . 1 . . Recyclers Shooed 1 | . 1 . . Parts Field Recycled . | . . . . Retrieved Matter . | . . . . Parts Self-Destructed 8 | . . . 8 Prevented . | . . . . Kills | -11 -10 -10 -10 ------- Run | Yrd Mat Min Sub Combat Hostiles Destroyed 29 | . 10 8 11 Guns 13 | . 10 . 3 AOE 16 | . . 8 8 Classes Destroyed 9 | 1 4 2 2 Worker 2 | . 1 1 . Builder 1 | . . 1 . Hauler 1 | . 1 . . Recycler 2 | 1 1 . . Watcher 1 | . 1 . . Swarmer 10 | . . 6 4 Grunt 13 | . 10 2 1 Cobbler 1 | . . . 1 Subdweller 7 | . . . 7 Best Kill Streak 4 | 1 3 3 4 Combat Bots Only 4 | . 3 3 4 Max Kills in Single Turn 3 | 1 1 3 3 Gunslinging . | . . . . Exploded 3 | . . 3 2 Melee . | . . . . Uniques/NPCs Destroyed . | . . . . Combat | -11 -10 -10 -10 -------- Run | Yrd Mat Min Sub Hostile Shots Fired 139 | . 59 7 73 Missed 52 | . 20 3 29 Hits 87 | . 39 4 44 Projectile 87 | . 39 4 44 Critical Strikes 1 | . 1 . . Damage Taken 1325 | . 525 84 716 Core 291 | . 84 10 197 Absorbed by Shields . | . . . . Core Remaining (%) 100 | 100 . . . Volleys Fired 109 | 1 69 7 32 Largest 2 | 2 2 2 2 Hottest 90 | 40 80 90 58 Shots Fired 197 | 2 134 10 51 Gun 163 | 2 131 . 30 Cannon 8 | . 3 5 . Launcher 26 | . . 5 21 Special . | . . . . Kinetic 163 | 2 131 . 30 Thermal 8 | . 3 5 . Explosive 26 | . . 5 21 Electromagnetic . | . . . . Robot Hit Streak 10 | 2 10 5 6 Robot Miss Streak 6 | . 6 2 3 Penetration Max . | . . . . Secondary Targets 1 | . 1 . . Max Gunslinging Chain 1 | . 1 . . Shots Hit Robots 117 | 2 87 3 25 Core Hits 70 | 2 36 11 21 Critical Kills . | . . . . Critical Parts Destroyed . | . . . . Critical Strikes . | . . . . Melee Attacks . | . . . . Impact . | . . . . Slashing . | . . . . Piercing . | . . . . Sneak Attacks . | . . . . Combat Hostiles . | . . . . Follow-up Attacks . | . . . . Damage Inflicted 2704 | 21 879 489 1315 Guns 1136 | 21 844 . 271 Cannons 70 | . 35 35 . Explosions 1498 | . . 454 1044 Melee . | . . . . Ramming . | . . . . Kinetic 1136 | 21 844 . 271 Thermal 70 | . 35 35 . Explosive 1498 | . . 454 1044 Electromagnetic . | . . . . Impact . | . . . . Slashing . | . . . . Piercing . | . . . . Highest Corruption 3 | . 3 3 3 Average Corruption 2 | . 1 3 3 Corruption Purged . | . . . . Corruption Blocked . | . . . . Effects 64 | . 5 15 44 Message Errors 19 | . . 2 17 Matter Fused 13 | . 2 2 9 Heat Flow Errors 9 | . . 1 8 Energy Discharges 7 | . 1 2 4 Parts Fused 1 | . . 1 . Data Loss (minor) 7 | . 1 3 3 Data Loss (major) 4 | . . 3 1 Misfires 2 | . . . 2 Alerts 1 | . . 1 . Weapon Failures 1 | . 1 . . Overload Shots . | . . . . Overflow Damage 49 | . . 40 9 Projectiles . | . . . . Explosions 49 | . . 40 9 Melee . | . . . . Knockbacks . | . . . . Impact . | . . . . Kinetic . | . . . . Secondary . | . . . . Self-Inflicted Damage 236 | . . 48 188 Shots 8 | . . 2 6 Rammed . | . . . . Targets Rammed . | . . . . Kicked . | . . . . Crushed . | . . . . Highest Temperature 232 | . 80 138 232 Average Temperature 46 | . 16 36 101 Received Heat Transfer 465 | . 315 12 138 Siege Activations . | . . . . Martial Activations . | . . . . Shielding Activations . | . . . . Robots Disrupted . | . . . . Combat Hostiles . | . . . . Robots Corrupted . | . . . . Combat Hostiles . | . . . . Parts Fried . | . . . . Impact Corruptions . | . . . . Robots Melted . | . . . . Combat Hostiles . | . . . . Parts Melted . | . . . . Heat Transferred 148 | . 74 74 . Parts Sabotaged . | . . . . Parts Stolen . | . . . . Parts Stripped . | . . . . Power Chain Reactions . | . . . . Alert | -11 -10 -10 -10 ------- Run | Yrd Mat Min Sub Maximum Alert Level . | . . . . Low Security (%) 100 | 100 100 100 . Level 1 . | . . . . Level 2 . | . . . . Level 3 . | . . . . Level 4 . | . . . . Level 5 . | . . . . High Security . | . . . . Max Security . | . . . . Peak Influence 170 | 5 145 170 . Initial . | . . . . Average 41 | . 30 69 . Influence Increases 885 | 5 375 335 170 Destroy 0b10 Robot/C 480 | . 200 200 80 Destroy 0b10 Robot/NC 35 | 5 20 10 . Destroy Leader 84 | . 44 40 . Allied During Kill 23 | . . 23 . Successful Hack 21 | . 21 . . Disable Machine 15 | . . 15 . Destroy Structure 47 | . . 47 . Lose Combat Pursuer 180 | . 90 . 90 Influence Decreases 749 | 5 375 335 34 Time Decay 659 | 5 345 295 14 Lost Part 50 | . 30 . 20 Lost Ally 40 | . . 40 . Squads Dispatched . | . . . . Investigation . | . . . . Extermination . | . . . . Reinforcement . | . . . . Assault . | . . . . Garrison . | . . . . Intercept . | . . . . Searches Triggered . | . . . . Construction Impeded . | . . . . Haulers Reinforced . | . . . . Active Scanning Responses . | . . . . Cargo Convoy Interrupts . | . . . . Stealth | -11 -10 -10 -10 --------- Run | Yrd Mat Min Sub Distress Signals . | . . . . Communications Jammed . | . . . . Distress Signals . | . . . . Times Spotted 53 | . 28 10 15 Peak Tracking Total 6 | . 5 3 6 Tactical Retreats 5 | . 3 . 2 Traps | -11 -10 -10 -10 ------- Run | Yrd Mat Min Sub Traps Triggered 2 | . 2 . . Indirectly . | . . . . Trap Hack Attempts . | . . . . Triggered . | . . . . Disarmed . | . . . . Reprogrammed . | . . . . Reused . | . . . . Traps Extracted . | . . . . Installed . | . . . . Triggered . | . . . . Machines | -11 -10 -10 -10 ---------- Run | Yrd Mat Min Sub Machines Disabled 2 | . . 1 1 Max in Single Turn 1 | . . 1 1 Machines Repaired . | . . . . Machines Dismantled . | . . . . Machines Sabotaged . | . . . . Overloaded Fab Kills . | . . . . Hacking | -11 -10 -10 -10 --------- Run | Yrd Mat Min Sub Machines Accessed 4 | . 3 . 1 Terminals 3 | . 3 . . Fabricators . | . . . . Repair Stations . | . . . . Recycling Units . | . . . . Scanalyzers . | . . . . Garrison Access . | . . . . Total Hacks 12 | . 11 . 1 Successful 5 | . 4 . 1 Failed 7 | . 7 . . Catastrophic 3 | . 3 . . Database Lockouts . | . . . . Manual 5 | . 5 . . Terminals 11 | . 11 . . Fabricators . | . . . . Repair Stations . | . . . . Recycling Units . | . . . . Scanalyzers . | . . . . Garrison Access . | . . . . Terminal Hacks 5 | . 4 . 1 Prototype ID Bank 1 | . 1 . . Level Access Points 1 | . 1 . . Branch Access Points 1 | . 1 . . Zone Layout 1 | . 1 . . Proto ID Catalog 1 | . . . 1 Fabricator Hacks . | . . . . Repair Station Hacks . | . . . . Recycling Unit Hacks . | . . . . Scanalyzer . | . . . . Garrison Access Hacks . | . . . . Unauthorized Hacks . | . . . . Terminals . | . . . . Fabricators . | . . . . Repair Stations . | . . . . Recycling Units . | . . . . Scanalyzers . | . . . . Garrison Access . | . . . . Data Cores Recovered . | . . . . Used . | . . . . Hacking Detections 3 | . 3 . . Full Trace Events . | . . . . Feedback Events . | . . . . Feedback Blocked . | . . . . Robot Schematics Acquired . | . . . . Robots Built . | . . . . Authchips . | . . . . Time . | . . . . Total Robot Build Rating . | . . . . Part Schematics Acquired . | . . . . Parts Built . | . . . . Authchips . | . . . . Time . | . . . . Total Part Build Rating . | . . . . Parts Repaired . | . . . . Time . | . . . . Parts Recycled . | . . . . Recycled Matter . | . . . . Retrieved Matter . | . . . . Retrieved Components . | . . . . Parts Scanalyzed . | . . . . Part Schematics Acquired . | . . . . Parts Damaged . | . . . . Bothacking | -11 -10 -10 -10 ------------ Run | Yrd Mat Min Sub Used RIF Installer . | . . . . Robots Hacked . | . . . . Non-combat . | . . . . Combat . | . . . . Robot Hacks Applied . | . . . . Relay Couplers Released . | . . . . Fabnet Peak Effective % . | . . . . Robots Rewired . | . . . . Allies Hacked . | . . . . Hacks Repelled . | . . . . Allies | -11 -10 -10 -10 -------- Run | Yrd Mat Min Sub Total Allies 3 | . . 3 . Largest Group 3 | . . 3 1 Highest-Rated Group 40 | . . 40 16 Highest-Rated Ally 16 | . . 16 16 Total Orders 1 | . . . 1 AID 1 | . . . 1 Ally Attacks 15 | . . 15 . Total Damage 105 | . . 105 . Kills 2 | . . 2 . Allies Corrupted . | . . . . Allies Melted . | . . . . Intel | -11 -10 -10 -10 ------- Run | Yrd Mat Min Sub Active Infowar (turns) 3994 | . 859 685 2450 Optics 188 | . 188 . . Structural 3806 | . 671 685 2450 Robot Analysis Total . | . . . . Derelict Logs Recovered 1 | . . . 1 Drone Launches . | . . . . Drone Recoveries . | . . . . Exploration | -11 -10 -10 -10 ------------- Run | Yrd Mat Min Sub Turns Passed 4712 | 67 1482 685 2478 Spaces Moved 2024 | 43 949 286 746 Core 3 | 3 . . . Treads 1412 | . 380 286 746 Legs 447 | 40 407 . . Wheels 162 | . 162 . . Hover . | . . . . Flight . | . . . . Fastest Speed 50 | 50 80 160 320 Average Speed 213 | 115 129 230 320 Slowest Speed 320 | 120 160 320 320 Overloaded Moves . | . . . . Propulsion Burnouts . | . . . . Robots Hopped . | . . . . Potential Cave-ins . | . . . . Cave-ins Triggered 1 | . . . 1 Exploration Rate (%) 54 | 4 91 67 55 Regions Visited 3 Branch Regions 2 Pre-discovered Areas 1 | . . . 1 Known Exits Taken 1 | . 1 . . Unknown Exits Taken 2 | 1 . 1 . Scrap Searched 2 | . . 1 1 Spaces Dug 7 | . . . 7 Terrain Destroyed 178 | . . 52 126 Melee . | . . . . Projectile . | . . . . AOE 178 | . . 52 126 Terrain Rammed . | . . . . Walls Destroyed . | . . . . Machines Disabled . | . . . . Actions | -11 -10 -10 -10 --------- Run | Yrd Mat Min Sub Total 2239 | 56 1086 305 792 Wait 45 | 1 40 4 . Move 2021 | 42 948 285 746 Hop . | . . . . Pick Up 31 | 6 10 7 8 Fast Attach 11 | 5 5 . 1 Attach 7 | 1 3 . 3 Detach 2 | . 1 . 1 Swap 4 | . 2 1 1 Drop 9 | . 8 1 . Fire 109 | 1 69 7 32 Melee . | . . . . Ram . | . . . . Kick . | . . . . Crush . | . . . . Escape Stasis . | . . . . Rewire . | . . . . Trap . | . . . . Miscellaneous . | . . . . Route ------- -11/Scrapyard -10/Materials (discovered 4 exits: *Mat x3 / *Min) -10/Mines (discovered 2 exits: *Mat / *Sub) -10/Subcaves (discovered 2 exits: [*Mat] / [*Rec]) History --------- Turn | Location | Event 43 | -11/Scrapyard | Discovered new exit (range 12) 68 | -11/Scrapyard | Entered Materials 316 | -10/Materials | Build established: Mutant 662 | -10/Materials | Discovered new exit (range 13) 714 | -10/Materials | Discovered new exit (range 14) 1022 | -10/Materials | Discovered new exit (range 8) 1114 | -10/Materials | Discovered new exit (range 16) 1125 | -10/Materials | Identified exit to Mines 1125 | -10/Materials | Identified exit to Materials 1550 | -10/Materials | Entered Mines 1555 | -10/Mines | Met a Derelict bent on vengeance 1555 | -10/Mines | Assisted by bots powering up and referring to "LRC-V3" 1812 | -10/Mines | Found DCF Scrap (12 items) 1825 | -10/Mines | Discovered exit to Materials (range 8) 2203 | -10/Mines | Discovered new exit (range 8) 2235 | -10/Mines | Entered Subcaves 2235 | -10/Subcaves | Accompanied by 1 ally 2254 | -10/Subcaves | Learned location of Zion (-6) 2254 | -10/Subcaves | Met a Zionite searching for "candidates" 2796 | -10/Subcaves | Discovered new exit (range 9) 2899 | -10/Subcaves | Learned location of 1 exit from Materials 2928 | -10/Subcaves | Visited 4L-MR0's lab 2964 | -10/Subcaves | Found Rainbow Chip 3250 | -10/Subcaves | A swath of the cavern ceiling suddenly collapsed 4229 | -10/Subcaves | Discovered new exit (range 6) 4420 | -10/Subcaves | Core integrity fell below 50% 4602 | -10/Subcaves | Lost 3 parts (1p2n) 4677 | -10/Subcaves | Core integrity fell below 20% 4686 | -10/Subcaves | Ambushed by Subdweller buried in earth 4714 | -10/Subcaves | Crushed by falling debris 4714 | -10/Subcaves | Smashed by cave-in Last Messages --------------- 04579_ Flight Unit fries itself beyond repair. 04580_ S-10 Pest destroyed. 04580_ Destroyed Flight Unit. 04580_ S-10 Pest destroyed. 04589_ Lgt. Assault Rifle fries itself beyond repair. 04625_ #GL7YRSV=QXDMUP6SK&= AMLUOSDYVKF52WO%U 04630_ 9C-QTI(u) builds Twisted Machinery. 04687_ QG-ZEB(R): "NAT20!" 04689_ WE-78V(R) destroyed. 04691_ The unstable cave ceiling collapses. 04692_ QG-ZEB(R) destroyed. 04696_ Subatomizers dissect the Disposable Heat Sink. 04708_ Subatomizers dissect the Disposable Heat Sink, destroying it. 04708_ Acquired Scrap Shield. 04714_ System corrupted: Heat flow error (+195). 04714_ The unstable cave ceiling collapses. 04714_ Crushed by falling debris. Map ----- +----------------------------------------------------+ | # " ##??????????????????? | | # # ## """ ####??????????????????? | | % ######### " ####??????????????????? | | % ########### """ ###??????????????????? | | = ##?????#### " ##??????????????????? | | ?????????##### ##??????????????????? | | # ????????###### ###??????????????????? | | #### ??????####### " ###??????????????????? | | #" ??????####"" """ ##??????????????????? | | ?? ??????## " """""## ##??????????????????? | | ?? ?????### """### ##??????????????????? | | ?" ?????### " ###? ###??????????????????? | | ?" " " ??????### ###??####??????????????????? | | ?"""" """?????#### ###??###???????????????????? | | ??###<###??????#### ###????????????????????????? | | ##########??????#### ##??###???????????????????? | | ###### #####?????## ##?? ###?????????????????? | | # # #####????## ##?# ???##?????????????? | | ####???## #### ??? ## ??????????? | | ######### ### ??? ??????????? | | # # ### ######## # # ###? ?????????? | | ######### ### # # #???????????? | | ######### & #????????????? | | ####?### #?????????????? | | ####### ## && %#?????????????? | | # ###### # @% % #????????????? | | # #### & # *&& "## ?????????? | | # ## ## & ##### ##????? ??????????? | | ### # # # ### #######????????????????? | | # #### # ## ####???????????????? | | ## #### ## ### ###???????????????? | | ## ######## ### ##???????????????? | | ######### ##### "##???????????????? | | ###????#### ##### ""######???????????? | | ##????##### #### "#######??????????? | | ### ##??????### #### " ""###??????????? | | #### ##??????## ###### """ ##??????????? | | ?#### ##??????## ######## "### ##??????????? | | ???### ##??????### ####??############??????????? | | ????#####??????#########????######?####??????????? | | ?????####???????#######??????????????????????????? | | ?????????????????????????????????????????????????? | | ?????????????????????????????????????????????????? | | ?????????????????????????????????????????????????? | | ?????????????????????????????????????????????????? | | ?????????????????????????????????????????????????? | | ?????????????????????????????????????????????????? | | ?????????????????????????????????????????????????? | | ?????????????????????????????????????????????????? | | ?????????????????????????????????????????????????? | +----------------------------------------------------+ Best States ------------- Heat Dissipation 25 Energy Generation 10 Energy Capacity 250 Matter Stores 300 Matter Capacity 300 Sight Range 18 Terrain Scan Density 10 Armor Coverage 150 Evasion (%) 55 Recoil Reduction 2 Item Schematics ----------------- None Robot Schematics ------------------ None Fabricated ------------ Nothing Repaired ---------- Nothing Alien Tech Used ----------------- None Achievements -------------- None Challenges ------------ None Game ------ Seed GraphenePointDoomcannon Manual? 0 Play Time 00:21:38 Cumulative 136.4 hours Start 2025.05.07 @ 17:26:25 End 2025.05.07 @ 21:00:04 Sessions 3 Manual Loads 0 Difficulty Rogue Special Mode None Game No. 79 Rogue 71 Adventurer 8 Explorer 0 Win Type - Total 2 Types 2/0/0/0/0/0/0/0/0/0 Lore% 56 Gallery% 60 Achievement% 55 Wizard Run 0 Options --------- Layout 2 ASCII 0 Keyboard 1 Movement Numpad Keybinds 1 Fullscreen 1 Font 48/Smallcaps Map View 50x44 Zoom Use 0% Tactical HUD 1 Map Filters NONE Filters NONE Steam 1 RUN: 079b6667-1560-4760-9765-52d5f308fb85